 Dungeon Crawl Stone Soup version 0.29.1-15-g9cfb28693d (webtiles) character file.

Game seed: 4038417903330558152

100 booth the Firebug (level 4, -2/30 HPs)
             Began as a Demonspawn Fire Elementalist on Mar 8, 2023.
             Slain by a gnoll
             ... wielding a +0 spear
              (6 damage)
             ... on level 3 of the Dungeon.
             The game lasted 00:14:19 (2218 turns).

booth the Firebug (Demonspawn Fire Elementalist)    Turns: 2218, Time: 00:14:19

Health: -2/30      AC:  3    Str:  8    XL:     4   Next: 46%
Magic:  1/7        EV: 12    Int: 18    God:
Gold:   54         SH:  0    Dex: 14    Spells: 2/8 levels left

rFire   . . .      SeeInvis .   l - +3 whip
rCold   . . .      Faith    .   c - orb {light}
rNeg    + . .      Spirit   .   r - +1 robe of the Hurricane {rN+}
rPois   .          Reflect  .   (no helmet)
rElec   .          Harm     .   k - scarf {repulsion}
rCorr   .          Rampage  .   (no gloves)
Will    .....                   (no boots)
Stlth   +.........              (no amulet)
HPRegen 0.10/turn               (no ring)
MPRegen 0.10/turn               (no ring)

@: glowing, repel missiles
A: hooves 1, MP-powered wands
a: no special abilities


You were on level 3 of the Dungeon.
You visited 1 branch of the dungeon, and saw 3 of its levels.

You collected 54 gold pieces.

Inventory:

Hand Weapons
 d - a +0 dagger of venom
 h - a +0 mace
 l - a +3 whip (weapon)
 p - a +0 war axe
Missiles
 e - 4 poisoned darts
Armour
 c - an orb of light (worn)
 k - a scarf of repulsion (worn)
 n - a +0 leather armour
 r - the +1 robe of the Hurricane (worn) {rN+}
   (You found it on level 2 of the Dungeon)

   rN:        It protects you from negative energy.
Potions
 a - a potion of berserk rage
 b - a potion of magic
 f - a potion of heal wounds {unknown}
 g - 4 potions of might
 i - a potion of mutation
 j - a potion of resistance {unknown}
 m - a potion of cancellation {unknown}
 q - 2 potions of degeneration {unknown}
 s - a potion of brilliance {unknown}
 t - a potion of curing {unknown}


   Skills:
 + Level 2.3 Dodging
 + Level 2.4 Stealth
 + Level 2.6 Spellcasting
 + Level 2.0 Conjurations
 * Level 3.3 Fire Magic


You had 2 spell levels left.
You knew the following spells:

 Your Spells              Type           Power      Damage    Failure   Level
a - Foxfire               Conj/Fire      48%        2x1d6     5%          1
b - Scorch                Fire           28%        2d6       6%          2
c - Conjure Flame         Conj/Fire      12%        6-21      17%         3

Your spell library contained the following spells:

 Spells                   Type           Power      Damage    Failure   Level
 Inner Flame              Hex/Fire       8%         N/A       26%         3
 Flame Wave               Conj/Fire      12%        2d6       50%         4


Dungeon Overview and Level Annotations

Branches:
Dungeon (3/15)

Altars:

Shops:
D:1 (


Innate Abilities, Weirdness & Mutations

You have large cloven feet.
You expend magic power (3 MP) to strengthen your wands.


Message History

You see here an adder corpse.
Found a stone staircase leading down.
Casting: Foxfire (safe; 6% risk of failure)
Confirm with . or Enter, or press ? or * to list all spells.
You conjure some foxfire!
The foxfire hits the gnoll.
You kill the gnoll!
Your Conjurations skill increases to level 2!
The foxfire hits the gnoll.
The gnoll is moderately wounded.
Casting: Foxfire (safe; 6% risk of failure)
Confirm with . or Enter, or press ? or * to list all spells.
Flames lash the gnoll.
The gnoll is almost dead.
The gnoll's fire resistance burns away.
The gnoll closely misses you.
A gnoll comes into view. It is wielding a +0 spear.
The gnoll shouts!
The gnoll barely misses you. The gnoll closely misses you.
You see here a +0 flail.
You hit the gnoll. You kick the gnoll, but do no damage.
The gnoll is almost dead.
The gnoll hits you with a +0 halberd!
* * * LOW HITPOINT WARNING * * *
The gnoll hits you but does no damage.
You hit the gnoll.
You kill the gnoll!
The gnoll barely misses you.
Casting: Scorch (safe; 6% risk of failure)
Confirm with . or Enter, or press ? or * to list all spells.
You conjure some foxfire!
The gnoll hits you from afar with a +0 spear.
* * * LOW HITPOINT WARNING * * *
Your foxfire dissipates!
The foxfire hits the gnoll.
The gnoll is moderately wounded.
Casting: Foxfire (safe; 5% risk of failure)
Confirm with . or Enter, or press ? or * to list all spells.
You conjure some foxfire!
The gnoll hits you from afar with a +0 spear.
You die...

.#...# . ..... .#
#. #...# . .. #...#
. #.#......##### .#
#.....##...v@##.#
#...######v...####
#...<..###g...>...
.#.......##)#######
#...........).###
....#......###....#
##.
#.......††.##..# ..
........#...# #...#
. .........#.#.#
##..


You could see a gnoll (ally target).

Vanquished Creatures
  A hound (D:2)
  2 gnolls (D:3)
  An adder (D:3)
  2 dart slugs (D:1)
  2 endoplasms (D:1)
  A giant cockroach (D:1)
  2 goblins (D:1)
  3 hobgoblins (D:1)
  3 jackals (D:2)
  2 quokkas
  A ball python (D:1)
  5 bats
  6 frilled lizards (D:1)
  8 kobolds (D:1)
  3 rats (D:1)
42 creatures vanquished.

Vanquished Creatures (others)
  66 foxfires
  5 plants (D:1)
71 creatures vanquished.

Grand Total: 113 creatures vanquished

Notes
Turn   | Place    | Note
-------+----------+-------------------------------------------
     0 | D:1      | booth the Demonspawn Fire Elementalist began the quest for
                  | the Orb.
     0 | D:1      | Reached XP level 1. HP: 13/13 MP: 3/3
    54 | D:1      | Found Cougitoi's Weapon Boutique.
   154 | D:1      | Gained mutation: You have large cloven feet. [demonic
                  | ancestry]
   154 | D:1      | Reached XP level 2. HP: 19/19 MP: 0/5
   572 | D:1      | Found a faded altar of an unknown god.
   680 | D:1      | Reached XP level 3. HP: 23/24 MP: 1/6
   890 | D:1      | Reached skill level 3 in Fire Magic
  1390 | D:2      | Reached XP level 4. HP: 23/30 MP: 1/7
  1393 | D:2      | Learned a level 2 spell: Scorch
  1397 | D:2      | Learned a level 3 spell: Conjure Flame
  1652 | D:2      | Identified the +1 robe of the Hurricane {rN+}
  2142 | D:2      | Gained mutation: You expend magic power (3 MP) to
                  | strengthen your wands. [potion of mutation]
  2218 | D:3      | Slain by a gnoll

Illustrated notes

Levels and vault maps discovered:
D:1:      minmay_arrival_wavy_path, layout_basic,
          ebering_ecumenical_altar_abandoned, serial_shops,
          nicolae_shop_bloodbath_and_beyond, lexackson_kobold_supper
D:2:      layout_loops_corners, nicolae_wormholes
D:3:      kennysheep_six_static_rooms, layout_rooms,
          nicolae_concentric_dashed_squares_wild, kennysheep_potato

Skill      XL: |  1  2  3  4 |
---------------+-------------+-----
Stealth        | 2 |  2.4
Dodging        | 2 |  2.3
Fire Magic     | 3 |  3.3
Conjurations   | 2 |  2.0
Spellcasting   | |  2.6

Action                   |  1- 3 |  4- 6 || total
-------------------------+-------+-------++-------
Melee: Dagger            |    14 |       ||    14
       Whip              |    13 |     7 ||    20
       Kick              |     3 |     3 ||     6
 Cast: Foxfire           |    34 |     7 ||    41
       Scorch            |       |     1 ||     1
  Use: Scroll            |     1 |     1 ||     2
       Potion            |       |     2 ||     2
Armor: Robe              |     6 |     3 ||     9
Dodge: Dodged            |    29 |     6 ||    35
